 Dungeon Crawl Stone Soup version 0.13-a0-3133-gec0fa00 (webtiles) character file.

753 Kae the Ruinous (level 7, -1/36 HPs)
             Began as a Tengu Fire Elementalist on Sept 21, 2013.
             Killed from afar by an orc wizard (10 damage)
             ... with a puff of flame
             ... on Level 4 of the Dungeon.
             The game lasted 00:07:19 (3032 turns).

Kae the Ruinous (Tengu Fire Elementalist)           Turns: 3032, Time: 00:07:19

HP  -1/36        AC  4     Str  8      XL: 7   Next: 56%
MP   5/17        EV 12     Int 18      God:
Gold 93          SH  0     Dex 14      Spells:  4 memorised,  2 levels left

Res.Fire  : . . .   See Invis. : .   f - +1,+0 dagger
Res.Cold  : . . .   Warding    : .   a - +0 robe
Life Prot.: . . .   Conserve   : .   (no shield)
Res.Poison: .       Res.Corr.  : .   o - +2 wizard hat
Res.Elec. : .       Clarity    : .   (no cloak)
Sust.Abil.: . .     Spirit.Shd : .   (no gloves)
Res.Mut.  : .       Stasis     : .   (boots unavailable)
Res.Rott. : .       Flight     : .   (no amulet)
Saprovore : . . .                    (no ring)
                                     (no ring)

@: slightly resistant to hostile enchantments, fairly stealthy
A: able to fly, beak, talons 3
a: Fly


You were on level 4 of the Dungeon.
You were not hungry.

You visited 1 branch of the dungeon, and saw 4 of its levels.

You collected 73 gold pieces.

Inventory:

Hand weapons
 f - a +1,+0 dagger (weapon)
Missiles
 e - 52 darts (quivered)
Armour
 a - a +0 robe (worn)
 o - a +2 wizard hat (worn)
Comestibles
 c - 4 bread rations
 l - 6 grapes
 t - a snozzcumber
 x - an apple
Scrolls
 h - 2 scrolls of identify
 i - a scroll of enchant armour {unknown}
 k - 2 scrolls of magic mapping
 p - a scroll of fog {unknown}
 r - a scroll of enchant weapon I
 s - 2 scrolls of fear
 u - a scroll of remove curse {unknown}
 w - a scroll of teleportation {unknown}
Jewellery
 n - an uncursed amulet of inaccuracy {unknown}
Potions
 j - 2 potions of curing
 m - 2 potions of magic
 v - 2 potions of restore abilities
Books
 b - a book of Flames

   Spells                             Type                      Level
   *Flame Tongue                      Conjuration/Fire             1
   *Throw Flame                       Conjuration/Fire             2
   *Conjure Flame                     Conjuration/Fire             3
   Inner Flame                        Hexes/Fire                   3
   *Sticky Flame                      Conjuration/Fire             4
   Fireball                           Conjuration/Fire             5


   Skills:
 - Level 2.1 Dodging
 - Level 2.0 Stealth
 + Level 3.4 Spellcasting
 * Level 7.3 Conjurations
 + Level 5.7 Fire Magic


You had 2 spell levels left.
You knew the following spells:

 Your Spells              Type           Power        Failure   Level  Hunger
a - Flame Tongue          Conj/Fire      ####.        1%          1    None
b - Throw Flame           Conj/Fire      ####..       1%          2    ##.....
c - Conjure Flame         Conj/Fire      ####....     3%          3    ###....
d - Sticky Flame          Conj/Fire      ####....     14%         4    ####...


Dungeon Overview and Level Annotations

Branches:
Dungeon (4/27)
 Temple: D:4-7

Altars:
Trog
the Shining One

Annotations:
D:4 Pikel


Innate Abilities, Weirdness & Mutations

You can fly.
You have a beak for a mouth.
You have claws for feet.


Message History

Confirm with . or Enter, or press ? or * to list all spells.
Aiming: Flame Tongue
Press: ? - help, Shift-Dir - straight line, f - orc wizard
Aim: an orc wizard, wielding an orcish dagger and wearing an orcish robe The flame hits the orc wizard.
The orc wizard is moderately wounded.
The orc wizard casts a spell at you. The puff of frost hits you!
* * * LOW HITPOINT WARNING * * *
Casting: Flame Tongue
Confirm with . or Enter, or press ? or * to list all spells.
Aiming: Flame Tongue
Press: ? - help, Shift-Dir - straight line, f/p - orc wizard
Aim: an orc wizard, wielding an orcish dagger and wearing an orcish robe (moderately wounded)
The flame hits the orc wizard.
The orc wizard is moderately wounded.
The orc wizard casts a spell at you. The puff of flame hits you!
One of your 3 scrolls of identify catches fire!
You die...

......................##
.......................##
........................#*
.........................#*
,...≈............)........#*
,,.≈≈≈.....)...............#*
,,,,≈..........)............#*
,,,,.........................#*
,,,,,...........@.o........@..#*
,,,,,..........................#*
,,,,,...........................#
,,,,,,...≈..............@.@.....<
,,,,,,,.≈≈≈........o............<
,,,,,,,,.≈........>....,...K....<
,,,,,,,,,.............,,,..@....#
,,,,,,,,,,,,.........,,,,......#*
,,,,,,,,,,,,,,,...,,,,,,,.....#*


You could see 2 orc wizards.

Vanquished Creatures
  The ghost of wvc the Covered, an experienced MiFi (D:4)
  A slave (D:4)
  2 eyes of draining (D:3)
  A crimson imp (D:4)
  2 orc priests (D:4)
  An orc wizard (D:4)
  A worker ant (D:4)
  2 adders (D:2)
  A white imp (D:4)
  A giant gecko (D:2)
  2 oozes
  6 orcs
  8 bats
  6 hobgoblins
  4 jackals (D:1)
  7 kobolds
  3 giant cockroaches
  3 giant newts
  11 goblins
  A quokka (D:2)
  7 rats
71 creatures vanquished.

Vanquished Creatures (others)
  A bat (D:4)
  A goblin (D:4)
2 creatures vanquished.

Grand Total: 73 creatures vanquished

Notes
Turn   | Place    | Note
--------------------------------------------------------------
     0 | D:1      | Kae, the Tengu Fire Elementalist, began the quest for the Orb.
     0 | D:1      | Reached XP level 1. HP: 10/10 MP: 3/3
    72 | D:1      | Reached XP level 2. HP: 7/15 MP: 0/5
  1073 | D:2      | Reached XP level 3. HP: 19/19 MP: 7/7
  1335 | D:2      | Reached skill level 4 in Fire Magic
  1590 | D:2      | Reached XP level 4. HP: 24/24 MP: 6/8
  1897 | D:3      | Found a glowing golden altar of the Shining One.
  2252 | D:3      | Found a bloodstained altar of Trog.
  2306 | D:3      | Reached XP level 5. HP: 28/28 MP: 0/11
  2492 | D:4      | Noticed Pikel
  2492 | D:4      | Noticed a slave
  2492 | D:4      | Noticed a slave
  2495 | D:4      | Noticed a slave
  2557 | D:4      | Noticed a slave
  2717 | D:4      | Noticed wvc's ghost (experienced MiFi)
  2761 | D:4      | HP: 1/28 [orc/glowing orcish hand axe (3)]
  2787 | D:4      | Reached skill level 5 in Conjurations
  2838 | D:4      | Reached XP level 6. HP: 32/32 MP: 13/13
  2848 | D:4      | Killed wvc's ghost
  2848 | D:4      | Reached skill level 7 in Conjurations
  2848 | D:4      | Reached skill level 5 in Fire Magic
  2848 | D:4      | Reached XP level 7. HP: 28/36 MP: 13/16
  2856 | D:4      | Killed a slave
  2963 | D:4      | Learned a level 2 spell: Throw Flame
  2967 | D:4      | Learned a level 3 spell: Conjure Flame
  2972 | D:4      | Learned a level 4 spell: Sticky Flame
  3032 | D:4      | Killed from afar by an orc wizard

Action                   |  1- 3 |  4- 6 |  7- 9 || total
-------------------------+-------+-------+-------++-------
Melee: Unarmed           |     5 |       |       ||     5
       Dagger            |    17 |    82 |     6 ||   105
Throw: Dart              |     5 |       |       ||     5
 Cast: Flame Tongue      |    44 |    23 |    16 ||    83
       Throw Flame       |       |       |     4 ||     4
 Abil: Fly               |       |     2 |       ||     2
  Use: Potion            |       |     7 |       ||     7
       Scroll            |       |     1 |     3 ||     4
 Stab: Sleeping          |     2 |       |       ||     2
       Distracted        |     1 |       |       ||     1
